Map: Rooftop Terrace

Players

meowmeowcute - Winner!

  • Race: Protoss Protoss
  • Spawn Location: 11:00

A.I. 1 (Hard)

  • Race: Zerg Zerg
  • Spawn Location: 7:00

VOD

Have the link to the VOD?

Description

Time

  • Played on: June 25, 2018, 1:59 p.m.
  • Length: 22:18
Show
View Real Time Build Order
Export as new Build Order

meowmeowcute Protoss - Winner!

Build Orders: Blink Stalkers 

Get SALT Encoding   

  12  0:12  Pylon  
  12  0:15  Probe  
  13  0:23  Probe  
  14  0:33  Probe  
  14  0:35  Assimilator  
  15  0:52  Gateway  
  15  0:53  Probe  
  16  1:12  Probe  
  16  1:14  Pylon  
  17  1:24  Probe  
  18  1:36  Probe  
  19  1:47  Probe  
  20  1:55  Probe  
  20  1:59  Cybernetics Core  
  21  2:03  Probe  
  22  2:14  Zealot  
  22  2:15  Probe  
  25  2:27  Probe  
  26  2:31  Assimilator  
  26  2:35  Warp Gate  
  26  2:39  Probe  
  27  2:50  Twilight Council  
  27  2:52  Zealot  
  27  2:53  Forge  
  29  3:08  Probe  
  30  3:16  Probe  
  31  3:30  Pylon  
  31  3:33  Pylon  
  31  3:48  Probe  
  32  3:53  Blink  
  32  4:05  Gateway  
  32  4:07  Gateway  
  32  4:17  Probe  
  32  4:18  Dark Shrine  
  32  4:19  Stalker  
  35  4:26  Probe  
  35  4:28  Protoss Shields Level 1  
  36  4:34  Probe  
  37  4:43  Probe  
  37  4:51  Pylon  
  38  4:55  Probe, Pylon  
  39  5:08  Probe  
  40  5:18  Nexus  
  40  5:20  Probe  
  41  5:32  Probe, Stargate x2  
  42  5:41  Probe  
  42  5:49  Probe  
  43  5:53  Assimilator  
  44  5:57  Assimilator  
  44  5:58  Probe, Shadow Stride  
  45  6:11  Probe  
  46  6:23  Templar Archives  
  46  6:25  Probe  
  47  6:33  Probe  
  48  6:44  Probe  
  48  6:45  Pylon  
  43  6:49  Adept, Pylon  
  43  6:51  Adept  
  43  6:53  Zealot  
  49  6:56  Probe  
  44  7:08  Probe  
  44  7:15  Dark Templar  
  47  7:16  Dark Templar  
  49  7:28  Probe  
  49  7:37  Probe  
  50  7:40  Void Ray  
  50  7:41  Void Ray  
  50  7:43  Protoss Shields Level 2  
  59  7:46  Probe  
  60  7:58  Probe  
  61  8:10  Probe  
  62  8:14  Pylon  
  62  8:19  Pylon  
  62  8:22  Probe  
  62  8:33  Void Ray  
  62  8:34  Void Ray  
  70  8:39  Dark Templar  
  72  8:53  Shield Battery  
  72  8:58  Probe  
  73  9:06  Probe  
  73  9:07  Nexus  
  73  9:14  Fleet Beacon  
  73  9:15  Probe  
  73  9:16  Dark Templar  
  76  9:17  Dark Templar  
  76  9:24  Photon Cannon  
  79  9:26  Photon Cannon  
  79  9:27  Probe  
  80  9:31  Photon Cannon  
  80  9:33  Photon Cannon  
  80  9:34  Void Ray  
  84  9:38  Probe  
  85  9:45  Assimilator  
  85  9:46  Probe  
  85  9:47  Probe  
  85  9:48  Assimilator  
  87  9:55  Probe x2  
  89  10:04  Probe  
  89  10:06  Probe  
  91  10:16  Probe  
  91  10:17  Shield Battery  
  91  10:18  Probe  
  91  10:21  Gateway, Mothership  
  93  10:22  Gateway  
  93  10:28  Probe  
  93  10:30  Dark Templar  
  93  10:31  Dark Templar  
  104  11:05  Dark Templar x2  
  108  11:12  Tempest  
  108  11:13  Tempest  
  120  11:37  Protoss Air Armor Level 1  
  120  11:42  Protoss Ground Armor Level 1  
  120  12:01  Dark Templar  
  122  12:02  Dark Templar  
  124  12:18  Pylon  
  124  12:21  Pylon  
  124  12:24  Nexus  
  124  12:30  Assimilator  
  124  12:34  Assimilator  
  130  12:45  Tempest  
  136  12:57  Tempest  
  136  12:58  Pylon x2  
  136  12:59  Dark Templar  
  136  13:00  Pylon  
  138  13:17  Probe  
  138  13:21  Probe  
  138  13:24  Nexus  
  138  13:25  Probe  
  140  13:28  Tempest  
  140  13:29  Probe  
  140  13:31  Protoss Air Weapons Level 1, Dark Templar  
  140  13:32  Dark Templar  
  140  13:33  Dark Templar  
  140  13:34  Probe, Dark Templar  
  156  13:35  Probe  
  156  13:38  Tempest  
  156  13:39  Probe  
  164  13:42  Probe  
  164  13:47  Probe  
  167  13:51  Probe x2  
  169  13:59  Probe  
  170  14:03  Probe  
  170  14:04  Probe  
  172  14:13  Tempest  
  172  14:16  Probe  
  179  14:34  Pylon  
  179  14:39  Pylon  
  179  14:42  Assimilator  
  179  14:44  Assimilator, Probe  
  180  14:53  Probe  
  180  14:55  Protoss Shields Level 3  
  180  14:59  Dark Templar x2  
  185  15:00  Dark Templar  
  185  15:01  Dark Templar  
  189  15:19  Carrier  
  195  15:36  Probe  
  196  15:44  Probe  
  197  15:53  Probe  
  163  16:05  Probe  
  156  16:18  Probe  
  157  16:28  Tempest  
  163  16:35  Dark Templar x3  
  163  16:36  Dark Templar  
  171  16:42  Tempest  
  169  17:11  Tempest  
  175  17:21  Protoss Ground Armor Level 2  
  167  17:54  Carrier  
  169  18:09  Dark Templar  
  169  18:10  Dark Templar x2  
  169  18:11  Dark Templar  
  169  18:40  Protoss Air Armor Level 2, Tempest  
  171  18:42  Dark Templar  
  171  18:43  Dark Templar x2  
  171  18:44  Dark Templar  
  179  19:31  Dark Templar  
  179  19:32  Dark Templar  
  179  19:36  Carrier  
  179  19:37  Carrier  
  179  19:38  Protoss Ground Weapons Level 1  
  195  20:00  Nexus  
  195  20:29  Dark Templar x2  
  199  21:16  Assimilator  
  199  21:17  Assimilator  
Show
View Real Time Build Order
Export as new Build Order

A.I. 1 (Hard) Zerg 

Build Orders: Pool First, Zergling Baneling 

Get SALT Encoding   

  12  0:00  Drone  
  13  0:12  Overlord  
  13  0:17  Drone  
  14  0:30  Drone  
  14  0:32  Drone  
  16  0:43  Spawning Pool  
  16  0:45  Drone  
  16  0:49  Drone  
  17  0:53  Extractor  
  17  0:55  Drone  
  17  1:06  Overlord  
  17  1:31  Zergling x2, Queen  
  20  1:35  Zergling x2  
  20  1:38  Drone, Roach Warren  
  20  1:39  Extractor  
  20  1:49  Drone  
  21  1:56  Baneling Nest  
  21  2:00  Drone  
  21  2:10  Drone  
  22  2:21  Zergling x2  
  23  2:32  Drone  
  24  2:37  Overlord, Zergling x2  
  24  2:42  Zergling x2  
  26  2:46  Baneling x2, Zergling x2  
  26  2:51  Baneling x2  
  27  2:54  Drone  
  28  3:05  Zergling x2  
  29  3:09  Zergling x2  
  29  3:10  Overlord  
  30  3:13  Zergling x2  
  30  3:18  Zergling x2  
  32  3:27  Zergling x2  
  33  3:35  Baneling  
  33  3:38  Zergling x2  
  34  3:42  Baneling x2, Zergling x2  
  34  3:47  Baneling x2, Zergling x2  
  36  3:51  Zergling x2  
  37  3:56  Zergling x2  
  37  3:57  Evolution Chamber  
  37  4:02  Drone  
  38  4:12  Drone  
  38  4:13  Overlord  
  38  4:14  Drone  
  38  4:16  Drone  
  41  4:24  Drone  
  42  4:35  Drone  
  43  4:45  Drone  
  44  6:05  Overlord, Roach, Metabolic Boost  
  44  6:06  Burrow, Zerg Melee Weapons Level 1  
  44  6:07  Evolution Chamber  
  45  6:12  Hatchery  
  45  6:15  Roach  
  46  6:25  Drone, Roach  
  49  6:32  Zerg Missile Weapons Level 1  
  49  6:35  Roach  
  49  6:36  Overlord  
  50  6:45  Ravager x2  
  50  6:46  Roach  
  49  6:56  Roach  
  49  7:06  Ravager  
  49  7:09  Roach  
  51  7:18  Spore Crawler, Lair  
  51  7:21  Spore Crawler  
  47  7:25  Drone  
  47  7:26  Drone  
  46  7:31  Extractor, Drone  
  46  7:32  Drone  
  46  7:34  Drone  
  48  7:38  Drone  
  48  7:41  Drone  
  48  7:44  Drone  
  51  7:47  Drone  
  51  7:50  Drone  
  53  7:52  Drone  
  53  7:55  Drone  
  53  7:58  Drone  
  56  8:00  Drone, Zerg Ground Armor Level 1  
  56  8:03  Drone  
  58  8:06  Drone  
  58  8:08  Drone  
  60  8:12  Overlord  
  60  8:15  Drone  
  60  8:16  Overseer  
  60  8:18  Overseer  
  60  8:19  Drone  
  62  8:20  Hydralisk Den  
  62  8:24  Drone  
  62  8:26  Drone  
  63  8:28  Drone  
  63  8:29  Drone  
  63  8:31  Drone  
  66  8:36  Spine Crawler, Drone  
  66  8:41  Spine Crawler  
  65  8:42  Spore Crawler  
  65  8:43  Drone  
  65  8:46  Drone  
  66  8:49  Spore Crawler  
  66  8:51  Drone  
  66  8:55  Queen  
  66  8:57  Overlord, Hydralisk  
  70  9:04  Queen  
  70  9:07  Hydralisk  
  74  9:11  Infestation Pit  
  74  9:13  Spine Crawler  
  74  9:17  Spine Crawler, Hydralisk  
  71  9:18  Drone  
  74  9:27  Spire, Hydralisk  
  74  9:28  Drone  
  76  10:14  Overlord, Pneumatized Carapace  
  76  10:15  Extractor, Overseer  
  75  10:23  Hatchery  
  74  10:40  Overlord  
  73  10:51  Zergling x2  
  55  10:59  Hydralisk, Hive  
  50  11:08  Hydralisk  
  52  11:16  Hydralisk  
  54  11:20  Drone  
  54  11:25  Hydralisk  
  55  11:29  Zerg Melee Weapons Level 2  
  57  11:34  Hydralisk  
  57  11:35  Drone  
  57  11:36  Drone  
  57  11:37  Drone  
  57  11:39  Drone  
  63  11:40  Drone  
  63  11:42  Hydralisk, Drone  
  63  11:43  Drone  
  63  11:45  Extractor, Drone  
  68  11:48  Drone  
  68  11:50  Drone  
  68  11:52  Drone  
  71  11:54  Drone  
  71  11:56  Drone  
  71  11:58  Drone  
  71  11:59  Drone  
  71  12:01  Drone  
  76  12:02  Drone  
  76  12:04  Drone  
  76  12:07  Overlord  
  78  12:09  Drone  
  78  12:12  Ultralisk Cavern  
  78  12:14  Drone  
  79  12:18  Zerg Ground Armor Level 2  
  79  12:27  Zerg Flyer Weapons Level 1  
  79  12:33  Extractor  
  79  12:35  Drone  
  79  12:36  Spore Crawler  
  78  12:38  Spore Crawler, Drone  
  78  12:40  Drone  
  78  12:43  Queen  
  81  13:00  Ultralisk  
  81  13:04  Spine Crawler  
  81  13:05  Spine Crawler, Drone  
  87  13:07  Drone  
  87  13:08  Overlord, Overseer, Ultralisk  
  93  13:17  Ultralisk  
  99  13:26  Ultralisk  
  105  13:27  Overlord, Overseer  
  105  13:45  Zerg Missile Weapons Level 2  
  105  13:52  Overlord, Overseer  
  105  13:53  Overlord  
  105  14:04  Roach  
  105  14:07  Roach  
  111  14:10  Roach  
  111  14:12  Overlord  
  111  14:13  Roach  
  111  14:16  Roach  
  115  14:17  Glial Reconstitution  
  115  14:19  Overseer, Roach  
  115  14:21  Zerg Flyer Armor Level 1, Roach  
  119  14:24  Roach  
  119  14:30  Overlord, Infestor  
  123  14:32  Pathogen Glands  
  123  14:33  Roach  
  123  14:34  Zerg Melee Weapons Level 3  
  123  14:36  Roach  
  127  14:39  Overlord, Overseer, Roach  
  129  14:55  Chitinous Plating  
  129  14:58  Overlord, Roach  
  131  15:01  Roach  
  131  15:03  Roach  
  131  15:06  Roach  
  137  15:16  Overlord, Roach  
  137  15:18  Hydralisk  
  141  15:21  Hydralisk  
  141  15:24  Infestor  
  145  15:34  Overlord  
  145  15:35  Tunneling Claws  
  145  15:39  Ultralisk  
  145  15:42  Hatchery  
  144  15:53  Overlord  
  144  15:59  Zergling x2  
  144  16:01  Zerg Ground Armor Level 3  
  132  16:07  Hydralisk  
  122  16:12  Hydralisk  
  122  16:13  Overlord x2  
  122  16:14  Overseer  
  122  16:15  Zerg Flyer Weapons Level 2, Hydralisk  
  122  16:18  Overseer, Hydralisk  
  108  16:31  Hydralisk  
  108  16:35  Zergling x2  
  108  16:38  Infestor  
  105  16:41  Roach  
  105  16:42  Overlord  
  105  16:44  Roach  
  109  16:47  Hydralisk  
  109  16:48  Overseer  
  109  16:51  Hydralisk  
  107  16:59  Overlord, Overseer  
  105  17:01  Extractor  
  105  17:03  Spore Crawler  
  105  17:05  Spore Crawler  
  105  17:06  Zergling x2  
  105  17:07  Extractor  
  96  17:10  Lair  
  96  17:12  Overlord  
  96  17:13  Overlord  
  96  17:15  Overlord  
  94  17:17  Overlord  
  94  17:18  Baneling x2, Overlord  
  94  17:19  Baneling  
  90  17:29  Overlord  
  90  17:30  Baneling  
  90  17:36  Hydralisk  
  88  17:39  Hydralisk  
  88  17:42  Overlord  
  88  17:47  Mutalisk  
  89  17:52  Hydralisk  
  89  17:56  Baneling  
  89  17:59  Zergling x2  
  89  18:01  Overlord, Zergling x2  
  89  18:03  Zergling x2  
  88  18:06  Zergling x2  
  88  18:07  Overseer x2  
  88  18:08  Overseer  
  88  18:09  Evolution Chamber  
  88  18:11  Hive  
  86  18:18  Hydralisk  
  86  18:19  Overlord  
  81  18:21  Mutalisk  
  81  18:26  Overlord  
  83  18:27  Spawning Pool, Overseer  
  83  18:28  Baneling, Overlord  
  83  18:30  Baneling  
  74  18:42  Overseer  
  74  18:44  Hydralisk  
  74  18:47  Mutalisk, Overlord  
  71  18:50  Overlord  
  71  18:53  Overlord  
  68  19:00  Overlord  
  68  19:02  Overlord  
  67  19:05  Evolution Chamber  
  65  19:15  Overseer  
  65  19:16  Overseer  
  63  19:18  Zergling x2  
  63  19:20  Overlord, Zergling x2  
  63  19:22  Spire, Zergling x2  
  62  19:29  Overlord  
  62  19:32  Overlord  
  62  19:36  Overlord  
  61  19:38  Overlord  
  61  19:41  Overlord  
  61  19:43  Baneling  
  60  19:45  Baneling  
  60  19:47  Overlord  
  60  19:48  Baneling  
  60  19:53  Overlord  
  60  19:58  Overlord  
  58  20:01  Hydralisk Den  
  53  20:08  Overlord  
  51  20:16  Overlord  
  51  20:17  Hatchery  
  51  20:20  Overlord, Overseer  
  50  20:25  Baneling  
  46  20:30  Spawning Pool  
  42  20:39  Overlord, Hydralisk  
  28  20:50  Overlord  
  24  21:01  Overseer  
  23  21:08  Mutalisk, Overlord  
  23  21:10  Evolution Chamber  
  22  21:11  Mutalisk  
  22  21:16  Overlord  
  23  21:29  Evolution Chamber  
  23  21:31  Evolution Chamber  
  20  21:34  Overlord, Drone  
  20  21:36  Drone  
  20  21:38  Drone  
  19  21:42  Overlord  
  18  21:52  Drone  
  18  21:54  Drone  
  9  21:57  Drone  
  9  22:00  Spawning Pool  
Tags
 
Add a new tag
Caveats
  • Supply blocks, unpowered buildings, or Contaminate may cause inaccurate times.
  • Supply counts are checked every 10 seconds.